 Dungeon Crawl Stone Soup version 0.28.0-53-g5a82cb258f (webtiles) character file.

Game seed: 831379011822438764

15441 infcreate the Unseen (level 12, 0/59 HPs)
             Began as a Vampire Enchanter on Aug 4, 2022.
             Was a Priest of Dithmenos.
             Killed from afar by an orc wizard (10 damage)
             ... with a puff of flame
             ... on level 11 of the Dungeon.
             The game lasted 00:35:32 (13410 turns).

infcreate the Unseen (Vampire Enchanter)           Turns: 13410, Time: 00:35:33

Health: 0/59       AC:  8    Str:  7    XL:     12   Next: 1%
Magic:  24/24      EV: 23    Int: 17    God:    Dithmenos [***...]
Gold:   448        SH:  0    Dex: 20    Spells: 12/27 levels left

rFire   . . .      SeeInvis +   t - +5 dagger (venom)
rCold   + + .      Faith    .   (no shield)
rNeg    + + +      Spirit   .   C - +2 robe {rN+}
rPois   ∞          Reflect  .   (no helmet)
rElec   .          Harm     .   r - +0 cloak
rCorr   .          Rampage  .   (no gloves)
Will    +....                   n - +2 pair of boots Stlth ***+++++++
                                w - amulet of magic regeneration
HPRegen 0.00/turn               Y - +4 ring of slaying
MPRegen 0.59/turn               E - +4 ring of evasion

@: marked, bloodless, inhibited regen, wreathed by umbra, studying 2 skills
A: bloodless, fangs 3, see invisible, vampiric 2
a: Bat Form, Revivify, Renounce Religion, Shadow Step


You were on level 11 of the Dungeon.
You worshipped Dithmenos.
Dithmenos was most pleased with you.
You visited 2 branches of the dungeon, and saw 12 of its levels.

You collected 598 gold pieces.
You spent 150 gold pieces at shops.


Innate Abilities, Weirdness & Mutations

You do not regenerate when monsters are visible.
You are frail without blood (-20% HP).
You can heal yourself when you bite living creatures.
You are immune to poison.
You have razor-sharp teeth.
You have supernaturally acute eyesight. (SInv)
You are afflicted with vampirism and can become a bat while bloodless.


   Skills:
 + Level 9.8 Short Blades
 + Level 10.0 Dodging
 + Level 18.6 Stealth
 + Level 8.4 Spellcasting
 + Level 16.3 Hexes


You had 12 spell levels left.
You knew the following spells:

 Your Spells              Type           Power      Damage    Failure   Level
c - Confusing Touch       Hex            58%        N/A       1%          3
d - Tukima's Dance        Hex            58%        N/A       1%          3
e - Ensorcelled Hibernat  Hex/Ice        68%        N/A       1%          2
f - Dazzling Flash        Conj/Hex       68%        N/A       1%          3
p - Fulminant Prism       Conj/Hex       17%        3d11      3%          4

Your spell library contained the following spells:

 Spells                   Type           Power      Damage    Failure   Level
 Portal Projectile        Hex/Tloc       68%        N/A       1%          3
 Magic Dart               Conj           28%        1d4       10%         1
 Corpse Rot               Necr/Air       14%        N/A       16%         2
 Poisonous Vapours        Pois/Air       14%        N/A       16%         2
 Searing Ray              Conj           14%        2d5       16%         2
 Sublimation of Blood     Necr           7%         N/A       16%         2
 Hailstorm                Conj/Ice       7%         3d4       69%         4
 Ice Form                 Ice/Tmut       7%         N/A       69%         4
 Petrify                  Tmut/Erth      7%         N/A       69%         4
 Blade Hands              Tmut           3%         N/A       95%         5
 Excruciating Wounds      Necr           3%         N/A       95%         5
 Irradiate                Conj/Tmut      3%         3d15      95%         5
 Simulacrum               Ice/Necr       3%         N/A       100%        6

Inventory:

Hand Weapons
 t - a +5 dagger of venom (weapon)
Missiles
 d - 230 stones (quivered)
 B - a throwing net {=f}
Armour
 b - a +0 robe of resistance
 n - a +2 pair of boots (worn)
 r - a +0 cloak (worn)
 C - a +2 robe of positive energy (worn)
Jewellery
 f - a ring of protection from fire
 w - an amulet of magic regeneration (around neck)
 E - a +4 ring of evasion (right hand)
 Y - a +4 ring of slaying (left hand)
Wands
 k - a wand of polymorph (20)
 o - a wand of iceblast (39)
 z - a wand of flame (11)
 A - a wand of paralysis (5)
Scrolls
 a - 6 scrolls of teleportation {@r2}
 e - 3 scrolls of fog
 p - a scroll of blinking
 s - a scroll of brand weapon {unknown}
 u - 2 scrolls of magic mapping {unknown}
 v - a scroll of immolation {unknown}
Potions
 c - 2 potions of invisibility
 g - 3 potions of attraction
 h - a potion of magic {unknown}
 i - a potion of flight {unknown}
 j - 4 potions of curing {@q1}
 l - a potion of ambrosia {unknown}
 m - a potion of degeneration {unknown}
 q - a potion of cancellation {unknown}
 x - a potion of heal wounds {unknown}
 y - 3 potions of mutation
 D - a potion of might

Dungeon Overview and Level Annotations

Branches:
Dungeon (11/15)            Temple (1/1) D:5            Lair (0/6) D:8
    Orc (0/2) D:9

Altars:
Ashenzari
Cheibriados
Dithmenos
Elyvilon
Fedhas
Gozag
Hepliaklqana
Kikubaaqudgha
Makhleb
Nemelex Xobeh
Okawaru
Qazlal
Ru
Sif Muna
Trog
Uskayaw
Vehumet
Wu Jian
Xom
Yredelemnul
Zin
The Shining One

Shops:
D:5 (

Annotations:
D:11 Harold

#...^.....#
##......#.#
.?.......#
......#..#
#....#..#
#§§..#..#
#§#§...#
#§@§...#
#§@#..##
#§o#..#
.C§§o...#
#....#§..#
#.##...oo.
.. .....o.#
## ###.#o.#
o.#


You could see Harold (strong), a cyclops, an orc wizard and an orc.


Message History

There is a stone staircase leading up here.
The orc wizard shouts!
You hit the orc but do no damage.
The orc appears confused.
You catch the helpless orc completely off-guard!
You bite the orc, and draw its blood! You perforate the orc like a sieve!!!
You kill the orc!
Dithmenos accepts your kill.
An orc wizard comes into view. It is wielding a +0 dagger.
Harold throws a throwing net.
The throwing net hits you.
You become entangled in the net!
You tear a large gash into the net.
The cyclops throws a large rock.
The large rock hits you!!
Ouch! That really hurt!
* * * LOW HITPOINT WARNING * * *
You emit a cloud of dark smoke.
An orc wizard comes into view. It is wielding a +0 dagger.
You struggle against the net.
Harold drinks a potion.
Harold seems to grow stronger.
Unknown command.
You struggle against the net.
Harold fires a harpoon shot at you. The harpoon shot hits you!!
* * * LOW HITPOINT WARNING * * *
You are yanked forward by the harpoon shot.
Unknown command.
The cyclops throws a large rock.
The large rock completely misses you.
There is a stone staircase leading up here.
The orc wizard casts a spell at you. The puff of flame hits you!
You die...

Skill      XL: |  1  2  3  4  5  6  7  8  9 10 11 |
---------------+----------------------------------+-----
Stealth        | 5 6 7 9 11 13 16 18 | 18.6
Short Blades   | 2 3 4 5 7 8 9 |  9.8
Hexes          | 5 6 7 9 11 13 16 | 16.3
Dodging        | 3 4 6 7 8 10 | 10.0
Spellcasting   | 3 4 5 6 7 8 |  8.4

Action                   |  1- 3 |  4- 6 |  7- 9 | 10-12 || total
-------------------------+-------+-------+-------+-------++-------
Melee: Dagger            |    36 |    58 |   175 |   251 ||   520
       Bite              |       |     6 |    32 |    49 ||    87
       Punch             |       |     2 |     3 |     5 ||    10
Throw: Stone             |    14 |     4 |     6 |     5 ||    29
 Cast: Ensorcelled Hiber |    16 |     9 |    12 |    15 ||    52
       Confusing Touch   |       |     9 |    34 |    67 ||   110
       Tukima's Dance    |       |     4 |     8 |    47 ||    59
 Abil: Exsanguinate      |     1 |       |       |       ||     1
  Use: Scroll            |     3 |     1 |     2 |     2 ||     8
 Stab: Sleeping          |    23 |    16 |    25 |    26 ||    90
       Confused          |       |     7 |    21 |    46 ||    74
Armor: Robe              |     2 |    14 |    15 |    13 ||    44
Dodge: Dodged            |     9 |    19 |    68 |    96 ||   192

Levels and vault maps discovered:
D:1:      saegor_arrival_simple_b, layout_basic
D:2:      layout_loops_ring, basic_altar, serial_co_window_serial,
          co_window_paths_a, co_window_paths_a, co_window_corner_a,
          co_window_paths_a, co_window_of_opportunity_a,
          co_window_unsneaky_path_e, co_window_of_opportunity_b,
          co_window_corner_ca, co_window_paths_e, glass_columns_c,
          glass_columns_a, glass_columns_b, glass_columns_b, glass_columns_b
D:3:      layout_basic, minmay_crystal_water, kennysheep_cluttered_room,
          uniq_terence
D:4:      layout_loops_cross, nemelex_dance_club_becter,
          ebering_ghost_rock_garden, minmay_manual_mullet,
          uniq_crazy_yiuf_cottage
D:5:      layout_cave_pools, ashenzari_conservatory_becter,
          minmay_temple_entry_butterflies, serial_shops, shop
D:6:      layout_loops_ring
D:7:      layout_layer_cave, zin_statuary, minmay_manual_maat
D:8:      statuecave_lemuel, layout_basic, mainiacjoe_overflow_boulevard,
          lemuel_tele_altar, due_lair_maze_entry_diamond
D:9:      layout_loops_ring, hiddenorc1_lemuel, grunt_ministairs_8,
          guppyfry_early_elven_hall
D:10:     minmay_s_stair_smasher, layout_basic, overflow_temple_1_default,
          serial_bayou_pond_d
D:11:     layout_loops_ring, special_room [special_room_orc],
          nicolae_yredelemnul_corpse_copse, uniq_harold, uniq_psyche,
          uniq_josephine
Temple:   lightli_temple_of_artemis

Notes
Turn   | Place    | Note
-------+----------+-------------------------------------------
     0 | D:1      | infcreate the Vampire Enchanter began the quest for the
                  | Orb.
     0 | D:1      | Reached XP level 1. HP: 13/13 MP: 3/3
  1338 | D:2      | Reached XP level 2. HP: 10/15 MP: 5/5
  1341 | D:2      | Learned a level 2 spell: Ensorcelled Hibernation
  2391 | D:2      | Found a snail-covered altar of Cheibriados.
  2558 | D:2      | Gained mutation: You are afflicted with vampirism and can
                  | become a bat while bloodless. [Vampire growth]
  2558 | D:2      | Reached XP level 3. HP: 19/19 MP: 6/6
  2562 | D:2      | Learned a level 3 spell: Confusing Touch
  2753 | D:2      | Reached skill level 5 in Stealth
  2874 | D:3      | Reached skill level 2 in Short Blades
  2874 | D:3      | Reached skill level 5 in Hexes
  2902 | D:3      | Noticed an ice beast
  2923 | D:3      | Noticed Terence
  3245 | D:3      | Reached skill level 3 in Dodging
  3245 | D:3      | Reached XP level 4. HP: 24/24 MP: 7/7
  3249 | D:3      | Learned a level 3 spell: Tukima's Dance
  3295 | D:3      | Killed Terence
  3667 | D:4      | Found a runed translucent door.
  3668 | D:4      | Noticed Crazy Yiuf
  3822 | D:4      | Reached XP level 5. HP: 28/28 MP: 2/9
  3936 | D:4      | Found a sparkling altar of Nemelex Xobeh.
  4043 | D:3      | Killed an ice beast
  4044 | D:3      | Reached skill level 3 in Short Blades
  4044 | D:3      | Reached skill level 6 in Stealth
  4044 | D:3      | Reached skill level 3 in Spellcasting
  4109 | D:3      | Reached XP level 6. HP: 32/32 MP: 6/10
  4113 | D:3      | Learned a level 3 spell: Dazzling Flash
  4527 | D:4      | Found a runed translucent gate.
  4528 | D:4      | Found a runed translucent gate.
  4528 | D:4      | Found a runed translucent gate.
  4585 | D:4      | Noticed Asher535's ghost (amateur GrEE)
  4831 | D:4      | Reached skill level 6 in Hexes
  5053 | D:5      | Entered Level 5 of the Dungeon
  5091 | D:5      | Reached skill level 4 in Dodging
  5354 | D:4      | Killed Crazy Yiuf
  5355 | D:4      | Reached skill level 7 in Stealth
  5685 | D:5      | Found a staircase to the Ecumenical Temple.
  5685 | D:5      | Noticed a sky beast
  5692 | D:5      | Killed a sky beast
  5693 | D:5      | Reached XP level 7. HP: 36/36 MP: 12/12
  5708 | Temple   | Entered the Ecumenical Temple
  5799 | Temple   | Became a worshipper of Dithmenos the Shadowed
  6033 | D:5      | Reached skill level 4 in Short Blades
  6035 | D:5      | Reached skill level 8 in Stealth
  6074 | D:5      | Reached skill level 4 in Spellcasting
  6074 | D:5      | Reached skill level 7 in Hexes
  6131 | D:5      | Found Memna's Antique Weapon Boutique.
  6140 | D:5      | Bought a glowing dagger for 150 gold pieces
  6149 | D:5      | Found a broken altar of Ashenzari.
  6294 | D:5      | Noticed a two-headed ogre
  6355 | D:5      | Reached skill level 9 in Stealth
  6355 | D:5      | Reached XP level 8. HP: 41/41 MP: 14/14
  6546 | D:6      | Reached skill level 5 in Dodging
  6872 | D:6      | Reached skill level 5 in Short Blades
  7272 | D:7      | Reached skill level 10 in Stealth
  7278 | D:7      | Reached skill level 8 in Hexes
  7387 | D:7      | Noticed a cyclops
  7388 | D:7      | Killed a cyclops
  7389 | D:7      | Reached skill level 6 in Dodging
  7389 | D:7      | Reached skill level 11 in Stealth
  7389 | D:7      | Reached skill level 5 in Spellcasting
  7517 | D:7      | Reached skill level 9 in Hexes
  7517 | D:7      | Reached XP level 9. HP: 45/45 MP: 7/16
  7635 | D:7      | Reached skill level 6 in Short Blades
  7648 | D:7      | Reached skill level 12 in Stealth
  7867 | D:7      | Reached * piety under Dithmenos
  8025 | D:7      | Learned a level 4 spell: Fulminant Prism
  8039 | D:7      | Reached skill level 10 in Hexes
  8748 | D:8      | Reached skill level 13 in Stealth
  8770 | D:7      | Reached skill level 7 in Dodging
  8923 | D:8      | Reached skill level 6 in Spellcasting
  8932 | D:8      | Noticed a komodo dragon
  8933 | D:8      | Reached skill level 11 in Hexes
  8980 | D:8      | Noticed a two-headed ogre
  8982 | D:8      | Killed a komodo dragon
  8983 | D:8      | Reached skill level 7 in Short Blades
  9040 | D:8      | Reached XP level 10. HP: 42/50 MP: 19/19
  9102 | D:8      | Reached skill level 14 in Stealth
  9129 | D:8      | Found a staircase to the Lair.
  9400 | D:8      | Found an ornate altar of the Wu Jian Council.
  9422 | D:8      | Reached skill level 12 in Hexes
  9436 | D:8      | Reached ** piety under Dithmenos
  9529 | D:8      | Reached skill level 8 in Dodging
  9529 | D:8      | Reached skill level 15 in Stealth
  9666 | D:8      | Killed a two-headed ogre
  9667 | D:8      | Reached skill level 8 in Short Blades
  9667 | D:8      | Reached skill level 7 in Spellcasting
  9667 | D:8      | Reached skill level 13 in Hexes
  9988 | D:5      | Killed a two-headed ogre
  9989 | D:5      | Reached skill level 16 in Stealth
 10160 | D:4      | Killed Asher535's ghost
 10424 | D:9      | Reached XP level 11. HP: 54/54 MP: 19/21
 10433 | D:9      | Reached skill level 14 in Hexes
 10664 | D:9      | Noticed a two-headed ogre
 10759 | D:9      | Killed a two-headed ogre
 11028 | D:9      | Identified a +0 robe of resistance
 11057 | D:9      | Reached skill level 9 in Dodging
 11145 | D:9      | Reached skill level 17 in Stealth
 11150 | D:9      | Reached *** piety under Dithmenos
 11161 | D:9      | Found a staircase to the Orcish Mines.
 11255 | D:9      | Noticed a deep elf pyromancer
 11296 | D:9      | Killed a deep elf pyromancer
 11297 | D:9      | Reached skill level 9 in Short Blades
 11478 | D:9      | Reached skill level 15 in Hexes
 11826 | D:10     | Entered Level 10 of the Dungeon
 11942 | D:10     | Noticed a two-headed ogre
 12111 | D:10     | Noticed a two-headed ogre
 12351 | D:10     | Reached skill level 8 in Spellcasting
 12363 | D:10     | Found a radiant altar of Vehumet.
 12500 | D:10     | Killed a two-headed ogre
 12510 | D:10     | Paralysed by a wight for 7 turns
 12575 | D:10     | Noticed a two-headed ogre
 12588 | D:10     | Killed a two-headed ogre
 12589 | D:10     | Reached skill level 18 in Stealth
 12790 | D:10     | Reached skill level 16 in Hexes
 12853 | D:10     | Killed a two-headed ogre
 13150 | D:11     | Noticed Harold
 13214 | D:11     | Noticed a death knight
 13272 | D:11     | Noticed a skeletal warrior
 13324 | D:11     | Noticed Psyche
 13336 | D:10     | Killed Psyche
 13337 | D:10     | Reached skill level 10 in Dodging
 13337 | D:10     | Reached XP level 12. HP: 48/59 MP: 17/24
 13410 | D:11     | Killed from afar by an orc wizard

Vanquished Creatures
  5 two-headed ogres
  A deep elf pyromancer (D:9)
  A cyclops (D:7)
  A gargoyle (D:10)
  Psyche (D:10)
  A kobold demonologist (D:10)
  2 freezing wraiths
  A komodo dragon (D:8)
  2 trolls (D:9)
  The ghost of Asher535 the Digger, an amateur GrEE of Ru (D:4)
  A wyvern (D:10)
  A vampire (D:10)
  23 yaks
  A dancing weapon (D:7)
  2 steam dragons (D:7)
  An acid dragon (D:9)
  A hornet zombie (D:8)
  6 water moccasins
  2 ice beasts
  2 orc warriors
  3 sky beasts (D:5)
  3 black bears (D:8)
  3 centaurs
  3 kobold brigands
  A gnoll sergeant (D:9)
  3 bullfrogs
  4 scorpions
  2 wyvern zombies
  A wyvern skeleton (D:7)
  A water moccasin skeleton (D:7)
  2 killer bees (D:10)
  8 wights
  2 howler monkeys
  2 bullfrog zombies
  3 hounds
  3 centaur zombies
  A gnoll shaman (D:10)
  An orc priest (D:9)
  2 bullfrog skeletons
  2 jellies (D:5)
  Terence (D:3)
  6 iguanas
  7 orc wizards
  A killer bee zombie (D:6)
  A howler monkey zombie (D:10)
  2 gnolls (D:8)
  2 howler monkey skeletons
  5 adders
  2 shadow imps (D:7)
  An ufetubus (D:5)
  2 worms (D:3)
  2 dart slugs
  30 orcs
  3 endoplasms
  2 giant cockroaches
  A goblin (D:4)
  7 hobgoblins (D:2)
  12 kobolds
  2 quokkas
  3 ball pythons
  6 bats
  3 rats
207 creatures vanquished.

Vanquished Creatures (collateral kills)
  A two-headed ogre (D:8)
  A water moccasin (D:8)
  An orc warrior (D:9)
  5 wights
  Crazy Yiuf (D:4)
  A gnoll (D:9)
  3 orcs
13 creatures vanquished.

Vanquished Creatures (others)
  9 dancing weapons
  30 fungi (D:8)
  30 plants
69 creatures vanquished.

Grand Total: 289 creatures vanquished

Table legend: (Time is in decaauts)
 A = Elapsed time spent in this place.
 B = Non-inter-level travel time spent in this place.
 C = Inter-level travel time spent in this place.
 D = Time resting spent in this place.
 E = Time spent auto-exploring this place.
 F = Levels seen in this place.
 G = Mean time per level.
                   A        B        C        D        E       F      G
               +--------+--------+--------+--------+--------+-----+--------+
         Total |  13317 |  11416 |   1901 |   1445 |   7138 |  12 | 1109.8 |
       Dungeon |  13205 |  11323 |   1882 |   1445 |   7055 |  11 | 1200.5 |
        Temple |    111 |     92 |     19 |      0 |     83 |   1 |  111.0 |
               +--------+--------+--------+--------+--------+-----+--------+

Top non-repeatable levels by time:
     D:4: 1716 daAuts
     D:7: 1678 daAuts
     D:2: 1586 daAuts
    D:10: 1501 daAuts
     D:9: 1351 daAuts
     D:1: 1272 daAuts
     D:8: 1212 daAuts
     D:3: 1141 daAuts
     D:5: 941 daAuts
     D:6: 744 daAuts
  Temple: 111 daAuts
    D:11: 59 daAuts

Table legend:
 A = Non-vault XP
 B = Vault XP
 C = Vault XP percentage of total XP
 D = Non-vault monster count
 E = Vault monster count
 F = Vault count percentage of total count
                 A         B        C        D         E       F
            +---------+---------+-------+---------+---------+-------
      Total |   13630 |    8429 |  38.2 |     158 |      61 |  27.9
            +---------+---------+-------+---------+---------+-------
        D:1 |       8 |       0 |   0.0 |       6 |       0 |   0.0
        D:2 |      57 |       0 |   0.0 |      18 |       0 |   0.0
        D:3 |     205 |      36 |  14.9 |      11 |       1 |   8.3
        D:4 |      77 |     373 |  82.9 |       9 |       8 |  47.1
        D:5 |    1762 |       0 |   0.0 |      21 |       0 |   0.0
        D:6 |     442 |       0 |   0.0 |       6 |       0 |   0.0
        D:7 |    1357 |     993 |  42.3 |      25 |       5 |  16.7
        D:8 |    3751 |    1422 |  27.5 |      24 |      11 |  31.4
        D:9 |    4338 |    1029 |  19.2 |      29 |      21 |  42.0
       D:10 |    1292 |    4576 |  78.0 |       7 |      15 |  68.2
       D:11 |     341 |       0 |   0.0 |       2 |       0 |   0.0
            +---------+---------+-------+---------+---------+-------
